 Dungeon Crawl Stone Soup version 0.30.1-11-g7821555f0a (webtiles) character file.

Game seed: 3109684068145425472

18344 monsoonserge the Marksspriggan (level 12, -1/64 HPs)
             Began as a Spriggan Hunter on Nov 11, 2023.
             Was an Elder of Okawaru.
             Shot with a bolt by a minotaur (33 damage)
             ... in a Gauntlet.
             The game lasted 00:41:32 (12518 turns).

monsoonserge the Marksspriggan (Spriggan Hunter)   Turns: 12518, Time: 00:41:32

Health: -1/64      AC:  8    Str:  7    XL:     12   Next: 26%
Magic:  16/16      EV: 22    Int: 14    God:    Okawaru [****..]
Gold:   774        SH:  0    Dex: 22    Spells: 11/11 levels left

rFire   . . .        k - +2 arbalest (flame)
rCold   . . .        (shield currently unavailable)
rNeg    . . .        T - +3 troll leather armour {Snorg}
rPois   +            c - +1 hat of Knowledge {rPois Int+2}
rElec   .            o - scarf {harm}
rCorr   .            (gloves unavailable)
SInv    +            (boots unavailable)
Will    +++..        (no amulet)
Stlth   +++          I - ring of willpower
HPRegen 1.10/turn    O - +4 ring of slaying
MPRegen 0.15/turn

%: no teleportation, harm (+30% outgoing, +20% incoming)
@: very quick
A: very small, no large weapons, unfitting armour, see invisible, speed 3
a: Renounce Religion, Heroism, Finesse


You were in a Gauntlet.
You worshipped Okawaru.
Okawaru was greatly pleased with you.
You visited 3 branches of the dungeon, and saw 14 of its levels.
You also visited: Sewer and Gauntlet.

You collected 774 gold pieces.

Inventory:

Hand Weapons
 k - a +2 arbalest of flaming (weapon)
 P - a +2 sling of freezing
Missiles
 a - a silver boomerang
 s - 29 poisoned darts
 u - 3 throwing nets
 G - 2 datura-tipped darts
Armour
 c - the +1 hat of Knowledge (worn) {rPois Int+2}
   (You found it in a Gauntlet)

   Int:       It affects your intelligence (+2).
   rPois:     It protects you from poison.
 o - a scarf of harm (worn)
 t - a +0 cloak
 v - an orb of guile
 K - a +2 buckler
 T - a +3 troll leather armour (worn) {Snorg}
Jewellery
 I - a ring of willpower (left hand)
 L - a +6 ring of intelligence
 O - a +4 ring of slaying (right hand)
Wands
 h - a wand of polymorph (4)
 l - a wand of paralysis (11)
 y - a wand of iceblast (21)
 C - a wand of flame (30)
 M - a wand of mindburst (10)
 R - a wand of light (2)
 V - a wand of digging (6)
Scrolls
 b - 5 scrolls of immolation
 f - 3 scrolls of teleportation
 j - 5 scrolls of magic mapping {unknown}
 m - 2 scrolls of fear
 n - a scroll of fog
 q - 3 scrolls of enchant armour
 z - 2 scrolls of poison
 A - 4 scrolls of enchant weapon
 F - 2 scrolls of amnesia
 U - a scroll of torment
Potions
 d - 3 potions of resistance {unknown}
 g - 4 potions of lignification {unknown}
 i - 2 potions of attraction
 p - 3 potions of berserk rage
 r - 6 potions of heal wounds
 w - 4 potions of mutation
 x - 2 potions of might
 B - 2 potions of magic
 D - 5 potions of curing
 E - a potion of ambrosia {unknown}
 H - 3 potions of degeneration {unknown}
 J - 2 potions of brilliance
 Q - 4 potions of invisibility
 S - a potion of haste


   Skills:
 + Level 7.7 Fighting
 + Level 15.9 Ranged Weapons
 + Level 2.8 Armour
 + Level 7.6 Dodging
 + Level 3.6 Stealth
 * Level 4.0 Invocations
 + Level 6.1 Evocations


You had 11 spell levels left.
You didn't know any spells.
Your spell library contained the following spells:

 Spells                   Type           Power      Damage    Failure   Level
 Necrotise                Necr           0%         1d4       38%         1
 Hailstorm                Conj/Ice       0%         3d3       77%         3
 Portal Projectile        Hex/Tloc       0%         N/A       77%         3
 Vampiric Draining        Necr           0%         2d6       77%         3
 Ice Form                 Ice/Tmut       0%         N/A       99%         4
 Leda's Liquefaction      Hex/Erth       0%         N/A       99%         4
 Agony                    Necr           0%         N/A       100%        5
 Iskenderun's Battlesphe  Conj           0%         2d6       100%        5
 Iron Shot                Conj/Erth      0%         9d1       100%        6
 Call Canine Familiar     Summ           Unusable   N/A       N/A         3
 Summon Ice Beast         Ice/Summ       Unusable   N/A       N/A         4
 Summon Mana Viper        Hex/Summ       Unusable   N/A       N/A         5
 Simulacrum               Ice/Necr       Unusable   N/A       N/A         6
 Monstrous Menagerie      Summ           Unusable   N/A       N/A         7
 Spellforged Servitor     Conj/Summ      Unusable   N/A       N/A         7

Dungeon Overview and Level Annotations

Branches:
Dungeon (11/15)            Temple (1/1) D:4            Lair (2/5) D:10
  Swamp (0/4) Lair:2          Orc (0/2) D:11          Sewer (visited)
Gauntlet (1/1)
  Snake: Lair:2-3    Spider: Lair:2-3

Altars:
Ashenzari
Cheibriados
Dithmenos
Elyvilon
Fedhas
Gozag
Hepliaklqana
Kikubaaqudgha
Makhleb
Nemelex Xobeh
Okawaru
Qazlal
Ru
Sif Muna
Trog
Uskayaw
Vehumet
Wu Jian
Xom
Yredelemnul
Zin
The Shining One

Annotations:
D:10 exclusion: orange crystal statue, Erolcha Gauntlet 10 transporters, 21 runed translucent doors


Innate Abilities, Weirdness & Mutations

You are very small and have problems with some larger weapons.
You are too small for most types of armour.
You have supernaturally acute eyesight. (SInv)
You cover ground extremely quickly. (Speed+++)


Message History

Fire: k) +2 arbalest (flame)
Press: ? - help, Q - select action, (/) - cycle Shift-Dir - straight line, f/p - minotaur
Aim: a minotaur, wielding a +2 arbalest of freezing, wearing the +6 scale mail "Roov Seu" {Dex+4} and quivering javelins (moderately wounded, blind, 78% to hit)
You shoot a bolt.
The bolt hits the minotaur but does no damage.
The minotaur is moderately wounded.
The minotaur shoots a bolt.
The bolt closely misses you.
Fire: k) +2 arbalest (flame)
Press: ? - help, Q - select action, (/) - cycle Shift-Dir - straight line, f/p - minotaur
Aim: a minotaur, wielding a +2 arbalest of freezing, wearing the +6 scale mail "Roov Seu" {Dex+4} and quivering javelins (lightly wounded, blind, 78% to hit)
You shoot a bolt. The bolt barely misses the minotaur.
Unknown command.
Fire: k) +2 arbalest (flame)
Press: ? - help, Q - select action, (/) - cycle Shift-Dir - straight line, f/p - minotaur
Aim: a minotaur, wielding a +2 arbalest of freezing, wearing the +6 scale mail "Roov Seu" {Dex+4} and quivering javelins (lightly wounded, blind, 78% to hit)
You shoot a bolt. The bolt hits the minotaur!
The bolt burns the minotaur.
The minotaur is heavily wounded.
The minotaur is no longer blind.
The minotaur shoots a bolt.
The bolt hits you!!
Ouch! That really hurt!
The bolt freezes you.
The minotaur shoots a bolt.
The bolt closely misses you.
Fire: k) +2 arbalest (flame)
Press: ? - help, Q - select action, (/) - cycle Shift-Dir - straight line, f/p - minotaur
Aim: a minotaur, wielding a +2 arbalest of freezing, wearing the +6 scale mail "Roov Seu" {Dex+4} and quivering javelins (heavily wounded, 78% to hit)
Okay, then.
Fire: k) +2 arbalest (flame)
Press: ? - help, Q - select action, (/) - cycle Shift-Dir - straight line, f/p - minotaur
Aim: a minotaur, wielding a +2 arbalest of freezing, wearing the +6 scale mail "Roov Seu" {Dex+4} and quivering javelins (heavily wounded, 78% to hit)
You shoot a bolt. The bolt hits the minotaur!!
The bolt burns the minotaur.
The minotaur is almost dead.
The minotaur shoots a bolt.
The bolt completely misses you.
Fire: k) +2 arbalest (flame)
Press: ? - help, Q - select action, (/) - cycle Shift-Dir - straight line, f/p - minotaur
Aim: a minotaur, wielding a +2 arbalest of freezing, wearing the +6 scale mail "Roov Seu" {Dex+4} and quivering javelins (almost dead, 78% to hit)
You shoot a bolt.
The bolt hits the minotaur but does no damage.
The minotaur is almost dead.
The minotaur shoots a bolt.
The bolt hits you!!
Ouch! That really hurt!
You die...

##### ≈≈≈≈ ≈∩≈ ... ##.### ....
#######H####### #.............#
#.###@###.###.# #.###.###.##
#............ ###.###.###.#
#####.###.###.#####
#≈...............≈# # ###
####8..©.©.©.©.©.©..8#### # # #8#
#8##≈...............≈##8# #
#################################


You could see a minotaur.

Vanquished Creatures
  Snorg (D:11)
  A hydra (Lair:1)
  A two-headed ogre (D:9)
  Pikel (D:6)
  A manticore (D:10)
  An ugly thing (D:11)
  3 black mambas
  3 elephants (Lair:1)
  3 cane toads
  A rime drake (Lair:1)
  2 unseen horror zombies (D:8)
  An unseen horror (D:11)
  5 komodo dragons
  2 trolls
  Grinder (D:6)
  A hornet (D:8)
  2 slime creatures (Gauntlet)
  A spriggan (Lair:1)
  15 yaks
  A shadow (D:9)
  A wyvern (Lair:2)
  A wraith (D:8)
  A steam dragon (D:9)
  2 basilisks (Lair:1)
  Grum (D:10)
  2 swamp worms (Gauntlet)
  Menkaure (D:6)
  5 water moccasins
  3 orc warriors
  Pargi (Sewer)
  A black bear (D:7)
  A sky beast (D:6)
  2 ogres
  4 wolves
  7 centaurs
  A phantom (D:5)
  A kobold brigand (D:9)
  3 lemures (D:6)
  5 bullfrogs
  Blork the orc (D:6)
  A gnoll sergeant (D:7)
  4 scorpions
  3 wights (D:8)
  8 killer bees
  6 hounds
  3 centaur zombies (D:8)
  3 jellies
  8 orc priests
  Crazy Yiuf (D:2)
  2 sleepcaps
  A gnoll bouda (D:7)
  11 orc wizards
  Jessica (D:3)
  6 iguanas
  A killer bee zombie (D:8)
  Robin (D:3)
  3 howler monkey zombies (D:8)
  16 gnolls
  8 adders
  2 white imps
  An ufetubus (D:5)
  2 worms
  2 dart slugs
  23 orcs
  3 endoplasms
  5 giant cockroaches
  11 goblins
  6 hobgoblins
  6 quokkas
  4 ball pythons
  6 bats
  10 frilled lizards
  15 kobolds
  4 rats
278 creatures vanquished.

Vanquished Creatures (others)
  An orc wizard (D:4)
1 creature vanquished.

Grand Total: 279 creatures vanquished

Notes
Turn   | Place    | Note
-------+----------+-------------------------------------------
     0 | D:1      | monsoonserge the Spriggan Hunter began the quest for the
                  | Orb.
     0 | D:1      | Reached XP level 1. HP: 10/10 MP: 2/2
   136 | D:1      | Reached XP level 2. HP: 14/14 MP: 3/3
   137 | D:1      | Found a faded altar of an unknown god.
   984 | D:2      | You fall into a shaft and drop 1 floor!
  1010 | D:3      | Reached skill level 5 in Ranged Weapons
  1010 | D:3      | Reached XP level 3. HP: 14/18 MP: 4/4
  1049 | D:3      | Noticed Robin
  1073 | D:3      | Noticed Jessica
  1079 | D:3      | Killed Jessica
  1080 | D:3      | Reached XP level 4. HP: 23/23 MP: 5/5
  1220 | D:2      | Identified the staff of cold "Luresua" {rF- rC+ Str+5}
  1323 | D:2      | Found a runed translucent door.
  1324 | D:2      | Noticed Crazy Yiuf
  1687 | D:2      | Killed Crazy Yiuf
  1688 | D:2      | Reached XP level 5. HP: 27/27 MP: 6/6
  1890 | D:3      | Reached skill level 6 in Ranged Weapons
  2193 | D:3      | Killed Robin
  2418 | D:4      | Reached XP level 6. HP: 32/32 MP: 7/7
  2540 | D:4      | Found a glowing drain.
  2573 | Sewer    | Entered a sewer
  2584 | Sewer    | Noticed Pargi
  2747 | Sewer    | Killed Pargi
  2748 | Sewer    | Reached skill level 7 in Ranged Weapons
  3034 | D:4      | Reached XP level 7. HP: 36/36 MP: 8/8
  3312 | D:4      | Found a staircase to the Ecumenical Temple.
  3330 | Temple   | Entered the Ecumenical Temple
  3423 | D:4      | Found a shimmering blue altar of Sif Muna.
  3511 | D:5      | Entered Level 5 of the Dungeon
  3713 | D:5      | Reached skill level 8 in Ranged Weapons
  3713 | D:5      | Reached skill level 1 in Evocations
  3820 | D:5      | Reached skill level 1 in Armour
  3820 | D:5      | Reached skill level 5 in Dodging
  3906 | D:5      | Reached XP level 8. HP: 40/40 MP: 9/9
  4023 | D:5      | Found a bloodstained altar of Trog.
  4487 | D:6      | Noticed Menkaure
  4489 | D:6      | Noticed Blork the orc
  4551 | D:6      | Killed Blork the orc
  4552 | D:6      | Reached skill level 9 in Ranged Weapons
  4560 | D:6      | Killed Menkaure
  5123 | D:6      | Noticed Pikel
  5127 | D:6      | Noticed Grinder
  5324 | D:6      | Killed Pikel
  5325 | D:6      | Reached skill level 10 in Ranged Weapons
  5325 | D:6      | Reached XP level 9. HP: 46/46 MP: 10/10
  5411 | D:6      | Killed Grinder
  5820 | D:7      | Reached skill level 11 in Ranged Weapons
  5910 | D:7      | Identified the +0 pair of boots of the Good {Regen+ Int-3
                  | SInv}
  6054 | D:7      | Reached skill level 5 in Fighting
  6855 | D:8      | Reached skill level 12 in Ranged Weapons
  6878 | D:8      | Found a basalt altar of Yredelemnul.
  6922 | D:8      | Reached XP level 10. HP: 4/52 MP: 11/11
  7296 | D:8      | Found a stormy altar of Qazlal.
  7668 | D:9      | Noticed a wizard
  8056 | D:9      | Found a glowing silver altar of Zin.
  8127 | D:9      | Identified the +0 chain mail "Toumac" {Str+3 Dex-4}
  8254 | D:9      | Noticed a two-headed ogre
  8290 | D:9      | Reached skill level 13 in Ranged Weapons
  8440 | D:9      | Killed a two-headed ogre
  8787 | D:10     | Entered Level 10 of the Dungeon
  9092 | D:10     | Noticed Grum
  9141 | D:9      | Reached XP level 11. HP: 22/58 MP: 12/12
  9311 | D:10     | Killed Grum
  9409 | D:10     | Found a staircase to the Lair.
  9437 | D:10     | Reached skill level 5 in Evocations
  9555 | D:10     | Found an iron altar of Okawaru.
  9563 | D:10     | Became a worshipper of Warmaster Okawaru
  9625 | D:10     | Noticed an orange crystal statue
  9661 | D:10     | Found a shimmering altar of Xom.
  9721 | D:10     | Noticed Erolcha
  9774 | D:10     | Reached skill level 14 in Ranged Weapons
 10076 | D:11     | Reached * piety under Okawaru
 10115 | D:11     | Noticed a white ugly thing
 10125 | D:11     | Killed a white ugly thing
 10234 | D:11     | Noticed Snorg
 10292 | D:11     | Killed Snorg
 10656 | D:11     | Found a staircase to the Orcish Mines.
 10670 | D:11     | Reached skill level 1 in Invocations
 10792 | Lair:1   | Entered Level 1 of the Lair of Beasts
 10835 | Lair:1   | Reached ** piety under Okawaru
 10943 | Lair:1   | Noticed a four-headed hydra
 10953 | Lair:1   | Killed a four-headed hydra
 10954 | Lair:1   | Reached skill level 15 in Ranged Weapons
 11007 | Lair:1   | Reached *** piety under Okawaru
 11312 | Lair:1   | Reached XP level 12. HP: 63/63 MP: 15/15
 11509 | Lair:2   | Reached **** piety under Okawaru
 11719 | Lair:2   | Found a staircase to the Swamp.
 11867 | Lair:2   | Found a gate leading to a gauntlet.
 11878 | Gauntlet | Entered a Gauntlet
 11878 | Gauntlet | Found a transporter.
 11889 | Gauntlet | Found a transporter.
 11929 | Gauntlet | Found a transporter.
 11929 | Gauntlet | Found a transporter.
 11931 | Gauntlet | Found a transporter.
 11957 | Gauntlet | Found a transporter.
 11957 | Gauntlet | Found a transporter.
 11959 | Gauntlet | Noticed a green death
 11970 | Gauntlet | Found a transporter.
 11987 | Gauntlet | Found a transporter.
 11989 | Gauntlet | Found a large runed translucent door.
 11990 | Gauntlet | Found a large runed translucent door.
 11991 | Gauntlet | Found a large runed translucent door.
 11991 | Gauntlet | Found a large runed translucent door.
 11991 | Gauntlet | Noticed a balrug
 12013 | Gauntlet | Found a large runed translucent door.
 12014 | Gauntlet | Found a runed translucent door.
 12015 | Gauntlet | Found a transporter.
 12016 | Gauntlet | Found a runed translucent door.
 12017 | Gauntlet | Found a large runed translucent door.
 12017 | Gauntlet | Found a large runed translucent door.
 12017 | Gauntlet | Found a large runed translucent door.
 12018 | Gauntlet | Found a large runed translucent door.
 12019 | Gauntlet | Found a large runed translucent door.
 12024 | Gauntlet | Found a large runed translucent door.
 12024 | Gauntlet | Found a large runed translucent door.
 12025 | Gauntlet | Found a large runed translucent door.
 12025 | Gauntlet | Found a large runed translucent door.
 12025 | Gauntlet | Found a large runed translucent door.
 12025 | Gauntlet | Found a large runed translucent door.
 12028 | Gauntlet | Found a runed translucent gate.
 12028 | Gauntlet | Found a runed translucent gate.
 12028 | Gauntlet | Found a runed translucent gate.
 12030 | Gauntlet | Found a transporter.
 12049 | Gauntlet | Found a transporter.
 12061 | Gauntlet | Found a transporter.
 12083 | Gauntlet | Found a transporter.
 12095 | Gauntlet | Found a transporter.
 12107 | Gauntlet | Found a transporter.
 12444 | Gauntlet | Identified the +1 hat of Knowledge {rPois Int+2}
 12505 | Gauntlet | Identified the +6 scale mail "Roov Seu" {Dex+4}
 12505 | Gauntlet | Noticed a minotaur
 12518 | Gauntlet | Shot with a bolt by a minotaur

Illustrated notes

Levels and vault maps discovered:
D:1:      minmay_arrival_widening_spiral_wide, layout_basic,
          hellmonk_ecumenical_altar_lost_god, corexii_corridor_pit,
          chequers_big_river, minmay_pentomino_s2
D:2:      layout_rooms, uniq_crazy_yiuf_cottage
D:3:      layout_rooms, minmay_statues_item, uniq_robin, uniq_jessica
D:4:      layout_gridville, kennysheep_orc_sif_temple, temple_pool_b,
          cheibrodos_sewer_entry_bend
D:5:      layout_loops_ring, trog_book, corexii_shack
D:6:      cheibrodos_quashed, layout_basic, dreamdust_mushroom_princess,
          hangedman_decor_opposing, uniq_pikel, uniq_blork_the_orc,
          uniq_menkaure, uniq_grinder
D:7:      layout_gridville
D:8:      layout_basic, nicolae_yredelemnul_corpse_copse,
          mainiacjoe_overflow_brackets, minmay_lizard_king
D:9:      minmay_sliced_demisemicircle, layout_rooms, zin_statuary,
          wad_rectangle_vault
D:10:     minmay_statue_hallways, layout_irregular_city,
          mainiacjoe_overflow_alcove_2, okawaru_metal_pillars_3,
          lair_entry_dummy, uniq_erolcha, uniq_grum
D:11:     layout_long_grid, minmay_orc_entry_temple_small, uniq_snorg
Temple:   hellmonk_temple_of_storms
Lair:1:   layout_regular_city, grunt_forest_large_clearing_hut
Lair:2:   layout_gridlike, swamp_mist, gauntlet_entry_generic,
          chequers_serial_rivers_large_b
Gauntlet: gammafunk_gauntlet_one_two_three [nicolae_gauntlet_arena_blocks,
          gammafunk_gauntlet_arena_grid, gammafunk_gauntlet_arena_crates,
          gammafunk_gauntlet_arena_chambers, nicolae_gauntlet_arena_t_cross,
          gammafunk_gauntlet_arena_split_x, nicolae_gauntlet_arena_quarters,
          gammafunk_gauntlet_arena_mazey,
          minmay_gauntlet_arena_make_your_own_arena, gauntlet_exit_watery]

Skill      XL: |  1  2  3  4  5  6  7  8  9 10 11 12 |
---------------+-------------------------------------+-----
Dodging        | 3 5 6 7 |  7.6
Stealth        | 2 3 |  3.6
Fighting       | 2 3 4 5 6 7 |  7.7
Ranged Weapons | 5 6 7 8 10 12 13 15 | 15.9
Evocations     | 1 3 4 6 |  6.1
Armour         | 1 2 |  2.8
Invocations    | 3 4 |  4.0

Action                     |  1- 3 |  4- 6 |  7- 9 | 10-12 || total
---------------------------+-------+-------+-------+-------++-------
   Fire: Shortbow          |    80 |   234 |   511 |   484 ||  1309
         Arbalest          |       |       |       |    99 ||    99
  Evoke: Wand              |       |       |       |     1 ||     1
    Use: Scroll            |       |     8 |     6 |     6 ||    20
         Potion            |       |     1 |       |       ||     1
 Armour: Robe              |       |    19 |       |       ||    19
         Troll leather arm |       |       |    35 |    13 ||    48
         Steam dragon scal |       |       |       |     2 ||     2
  Dodge: Dodged            |    34 |   106 |   231 |   195 ||   566
